AoeStats
← Ranigan

Arena

508690426Analyzed
2v2 RM · 8d ago on Sep 23, 2026· 49m 4s· 4 players
Game mode
Random Map
Map size
Medium (4 player)
Population
200
Speed
Normal
Resources
Standard
Victory
Conquest
Starting age
Dark Age
Ending age
Imperial Age
RankedLock teamsTeams togetherTeam positionsShared explorationLock speedFull tech treeHidden civsTurbo modeCheats
Victory
Defeat
🇩🇪 Franks · Germany
900
+16
🇸🇰 Britons · Slovakia
897
+20
🇪🇸 Danes · Spain
917
-17
🇪🇸 Celts · Spain
907
-16
tomcica
8:24 Loom
11:09 Feudal Age
12:25 Double-Bit Axe
17:24 Castle Age
15:34 Fletching
17:07 Stone Mining
17:09 Gold Mining
27:14 Padded Archer Armor
28:28 Horse Collar
30:03 Wheelbarrow
30:39 Ballistics
30:17 Bodkin Arrow
30:38 Leather Archer Armor
35:27 Imperial Age
34:14 Caravan
34:02 Pikeman
34:45 Squires
34:33 Arson
34:39 Gambesons
35:00 Scale Mail Armor
35:11 Forging
36:17 Hand Cart
36:25 Bow Saw
36:25 Elite Longbowman
37:48 Heavy Plow
39:11 Chemistry
38:49 Bracer
39:55 Gold Shaft Mining
40:28 Two-Man Saw
39:17 Town Watch
39:56 Conscription
39:19 Treadmill Crane
39:30 Treadmill Crane
40:02 Masonry
43:18 Yeomen
45:09 Ring Archer Armor
46:45 Warwolf
48:55 Hoardings
48:57 Architecture
48:33 Siege Engineers
48:24 Murder Holes
48:37 Herbal Medicine
BABAN
0:26 Loom
12:38 Feudal Age
14:31 Wheelbarrow
13:42 Town Watch
18:38 Castle Age
16:54 Stone Mining
17:04 Double-Bit Axe
17:17 Double-Bit Axe
20:12 Hand Cart
20:03 Caravan
20:19 Bow Saw
30:46 Imperial Age
29:23 Husbandry
29:31 Scale Barding Armor
30:48 Forging
30:55 Cavalier
33:36 Padded Archer Armor
33:37 Scale Mail Armor
33:35 Murder Holes
33:51 Fortified Wall
33:26 Arrowslits
33:47 Town Patrol
34:34 Gold Mining
36:04 Gold Shaft Mining
36:15 Squires
36:08 Fletching
36:57 Hoardings
36:38 Masonry
37:28 Chain Barding Armor
37:43 Iron Casting
38:47 Ballistics
39:06 Plate Barding Armor
40:04 Chemistry
39:37 Architecture
39:13 Siege Engineers
41:46 Blast Furnace
40:40 Guard Tower
40:17 Capped Ram
41:21 Conscription
40:56 Paladin
44:17 Chivalry
45:53 Light Cavalry
46:55 Treadmill Crane
48:47 Pikeman
49:13 Arson
49:13 Gambesons
48:48 Man-at-Arms
49:25 Bodkin Arrow
49:46 Leather Archer Armor
49:46 Chain Mail Armor
MeninLucian
9:51 Feudal Age
9:55 Loom
14:39 Castle Age
13:16 Double-Bit Axe
15:54 Gold Mining
17:44 Wheelbarrow
18:43 Bow Saw
22:38 Town Watch
22:48 Gold Mining
24:09 Hand Cart
25:36 Stone Mining
28:21 Hand Cart
30:05 Forging
31:00 Ballistics
34:32 Imperial Age
33:24 Gold Shaft Mining
32:56 Horse Collar
33:51 Stronghold
34:42 Town Patrol
34:53 Capped Ram
35:43 Heavy Scorpion
35:49 Capped Ram
37:05 Conscription
37:02 Heavy Plow
38:47 Scale Mail Armor
39:22 Iron Casting
39:21 Furor Celtica
40:22 Siege Ram
45:36 Blast Furnace
44:51 Chain Mail Armor
44:43 Scale Barding Armor
45:41 Blast Furnace
46:00 Elite Woad Raider
49:09 Stone Shaft Mining
Ranigan
11:07 Feudal Age
16:54 Castle Age
15:53 Double-Bit Axe
17:58 Wheelbarrow
17:16 Horse Collar
20:28 Bow Saw
22:09 Hamask
28:43 Scale Mail Armor
28:58 Forging
30:20 Hand Cart
29:58 Gold Mining
36:34 Imperial Age
35:01 Squires
34:51 Arson
35:27 Chain Mail Armor
35:40 Town Watch
37:29 Iron Casting
37:42 Onager
39:12 Northmen's Fury
39:43 Pikeman
41:46 Town Patrol
41:54 Elite Varangian Guard
46:22 Murder Holes
47:38 Halberdier
Connection lost

Rejoining the realm…

Still unreachable

The connection could not be restored.

Session expired

The server has moved on; the page needs a fresh start.